 Dungeon Crawl Stone Soup version 0.26.0-8-g74fc34ddfb (console) character file.

Game seed: 11940663075531351231

1388 om the Covered (level 8, -10/66 HPs)
             Began as a Minotaur Fighter on Jan 12, 2021.
             Was an Initiate of Gozag.
             Splashed by Maurice the boggart's acid (13 damage)
             ... on level 8 of the Dungeon.
             The game lasted 00:08:46 (4983 turns).

om the Covered (Minotaur Fighter)                   Turns: 4983, Time: 00:08:47

Health: -10/66     AC:  0    Str: 22    XL:     8   Next: 40%
Magic:  7/7        EV: 11    Int: 11    God:    Gozag
Gold:   203        SH: 10    Dex: 11    Spells: 7/7 levels left

rFire    + . .     SeeInvis .   o - +2 spear (flame)
rCold    + . .     Faith    .   c - +0 kite shield
rNeg     . . .     Spirit   .   k - +0 scale mail
rPois    .         Reflect  .   (helmet restricted)
rElec    .         Harm     .   x - scarf {rC+ rF+}
rCorr    .         Rampage  .   (no gloves)
Will     .....                  (no boots)
Stlth    ..........             (no amulet)
HPRegen  0.21/turn              j - +6 ring of intelligence
MPRegen  0.10/turn              (no ring)

@: mighty, corroded, gold aura
A: retaliatory headbutt, horns 2
a: Renounce Religion, Potion Petition, Call Merchant, Bribe Branch


You were on level 8 of the Dungeon.
You worshipped Gozag.
Gozag was aware of your devotion.
You visited 1 branch of the dungeon, and saw 6 of its levels.
You also visited: Sewer.

You collected 248 gold pieces.
You paid 45 gold pieces to Gozag.

Inventory:

Hand Weapons
 a - a +0 war axe
 o - a +2 spear of flaming (weapon)
Armour
 c - a +0 kite shield (worn)
 k - a +0 scale mail (worn)
 x - a scarf of resistance (worn)
Jewellery
 j - a +6 ring of intelligence (left hand)
Wands
 h - a wand of polymorph (8)
 C - a wand of iceblast (10) (quivered)
Scrolls
 b - 3 scrolls of fog
 e - 2 scrolls of identify
 g - 2 scrolls of remove curse
 m - a scroll of teleportation
 n - 5 scrolls of blinking
 p - a scroll of amnesia {unknown}
 s - a scroll of enchant weapon {unknown}
 t - a scroll of magic mapping {unknown}
 u - a scroll of fear
 w - a scroll of immolation {unknown}
 y - 2 scrolls of random uselessness
Potions
 d - 3 potions of might
 f - 3 potions of curing
 i - a potion of attraction
 l - 2 potions of brilliance
 q - 4 potions of heal wounds
 r - 2 potions of magic
 v - a potion of cancellation
 z - 2 potions of invisibility {unknown}
 A - a potion of haste {unknown}
 B - a potion of berserk rage {unknown}


   Skills:
 - Level 4.0 Fighting
 - Level 3.7(5.1) Axes
 - Level 5.3(6.0) Polearms
 * Level 7.6 Armour
 * Level 5.8 Dodging
 + Level 5.9 Shields


You had 7 spell levels left.
You didn't know any spells.
Your spell library contained the following spells:

 Spells                   Type           Power        Failure   Level
 Magic Dart               Conj           0%           95%         1
 Blink                    Tloc           N/A          99%         2
 Call Imp                 Summ           0%           99%         2
 Slow                     Hex            0%           99%         2
 Conjure Flame            Conj/Fire      0%           100%        3
 Mephitic Cloud           Conj/Pois/Air  0%           100%        3


Dungeon Overview and Level Annotations

Branches:
Dungeon (5/15)              Sewer (visited)
 Temple: D:4-7

Altars:
Gozag
Kikubaaqudgha
Sif Muna
Wu Jian
Zin

Annotations:
D:8 Maurice


Innate Abilities, Weirdness & Mutations

You reflexively headbutt those who attack you in melee.
You have a pair of horns on your head.


Message History

A bolt of acid appears from out of thin air!
The bolt of acid hits you! The acid corrodes you!
You are splashed with acid.
* * * LOW HITPOINT WARNING * * *
The bolt of acid hits the ufetubus!!
The ufetubus is splashed with acid.
The ufetubus dies!
The orc shouts! x2
You hear a shout!
The scorpion is no longer distracted by gold.
The orc throws a boomerang.
You block the boomerang.
The weapon returns to the orc!
The orc becomes distracted by the nearby gold, dreaming of imaginary riches.
The orc shouts!
Found 16 gold pieces.
You see here 5 gold pieces.
You hear a zap.
A bolt of acid appears from out of thin air!
The bolt of acid hits you!
* * * LOW HITPOINT WARNING * * *
The acid corrodes you!
You are splashed with acid!
You die...
Your body crumbles into a pile of gold. $ $.# #$.oo..# # .ooo$o# #. oo..o# #.# .... #g## ##.#### #g#####..##.# ## #hOooooo$...#

#.##
#o#5oo.$...$$
#@##
#soo###.#.###
##{###$###
#.#.# #
##.#.## #.#.#
# ##$## ..#.#
# #.# ###.# #
#.# #.# # ..#
#.# .## o. (.
...


There were no monsters in sight!

Vanquished Creatures
  Grinder (D:5)
  2 orc warriors (D:8)
  2 ogres (D:4)
  A centaur (D:8)
  2 bullfrogs (Sewer)
  3 howler monkeys
  A hound (D:5)
  An orc priest (D:4)
  Jessica (D:2)
  An orc wizard (D:4)
  2 worker ants
  A hound zombie (D:5)
  10 adders
  8 river rats
  A white imp (D:5)
  An ufetubus (D:5)
  5 oozes
  4 worms
  2 dart slugs
  9 leopard geckos
  10 orcs
  5 giant cockroaches
  7 goblins
  6 hobgoblins
  A quokka (D:4)
  12 ball pythons (Sewer)
  8 bats
  9 frilled lizards
  6 kobolds
  29 rats
151 creatures vanquished.

Vanquished Creatures (others)
  An ufetubus (D:8)
  2 withered plants (D:2)
3 creatures vanquished.

Grand Total: 154 creatures vanquished

Notes
Turn   | Place    | Note
-------+----------+-------------------------------------------
     0 | D:1      | om the Minotaur Fighter began the quest for the Orb.
     0 | D:1      | Reached XP level 1. HP: 19/19 MP: 0/0
   149 | D:1      | Reached XP level 2. HP: 23/27 MP: 1/1
   272 | D:1      | Reached skill level 1 in Dodging
   485 | D:1      | Reached skill level 4 in Armour
   596 | D:1      | Reached XP level 3. HP: 33/33 MP: 2/2
  1181 | D:2      | Reached XP level 4. HP: 40/40 MP: 3/3
  1313 | D:2      | Found an ancient bone altar of Kikubaaqudgha.
  1647 | D:2      | Noticed Jessica
  1652 | D:2      | Killed Jessica
  2015 | D:3      | Found an ornate altar of the Wu Jian Council.
  2041 | D:3      | Reached XP level 5. HP: 46/46 MP: 4/4
  2114 | D:3      | Found a glowing drain.
  2123 | Sewer    | Entered a sewer
  2218 | Sewer    | Reached skill level 1 in Polearms
  2346 | Sewer    | Reached skill level 5 in Armour
  2678 | Sewer    | Reached XP level 6. HP: 39/52 MP: 5/5
  3116 | D:3      | Found a shimmering blue altar of Sif Muna.
  3669 | D:4      | Reached XP level 7. HP: 50/59 MP: 6/6
  3673 | D:4      | Reached skill level 5 in Shields
  3738 | D:4      | Reached skill level 6 in Armour
  4356 | D:4      | Found an opulent altar of Gozag.
  4364 | D:4      | Found a glowing silver altar of Zin.
  4379 | D:4      | Became a worshipper of Gozag Ym Sagoz the Greedy
  4467 | D:5      | Entered Level 5 of the Dungeon
  4694 | D:5      | Noticed Grinder
  4698 | D:5      | Paralysed by Grinder for 5 turns
  4705 | D:5      | Killed Grinder
  4706 | D:5      | Reached skill level 5 in Dodging
  4706 | D:5      | Reached XP level 8. HP: 52/66 MP: 7/7
  4708 | D:5      | Reached skill level 7 in Armour
  4926 | D:5      | You fall into a shaft and drop 3 floors!
  4938 | D:8      | Reached skill level 5 in Polearms
  4944 | D:8      | Noticed Maurice
  4947 | D:8      | Noticed Maurice
  4947 | D:8      | Maurice changed into Maurice the boggart
  4983 | D:8      | HP: 3/66 [something/bolt of acid (15)]
  4983 | D:8      | Splashed by Maurice the boggart's acid

Illustrated notes

Levels and vault maps discovered:
D:1:      onia_arrival_handbag, layout_basic, kennysheep_nondescript
D:2:      layout_loops_cross, kiku_gazebo_garden_becter,
          hangedman_decor_riveting, serial_bayou_pond_a, bh_walls_and_bars,
          uniq_jessica
D:3:      layout_rooms, nicolae_overflow_crystal_walls,
          pdpol_wu_jian_five_deadly_venoms, gup_sewer_entry_bubbles
D:4:      layout_basic, grunt_temple_overflow_gold_and_silver
D:5:      layout_gridville, grunt_ministairs_7, uniq_grinder
D:8:      layout_loops_ring, general_overflow_altar,
          grunt_lair_entry_orc_guard_hut, serial_shops, shop_coins, special_room
          [special_room_orc], nrook_pool_corridor, uniq_erica, uniq_maggie,
          uniq_maurice

Skill      XL: |  1  2  3  4  5  6  7  8 |
---------------+-------------------------+-----
Dodging        | 1 2 3 4 5 |  5.8
Armour         | 4 5 6 7 |  7.6
Axes           | 3 |  3.7
Shields        | 4 5 |  5.9
Fighting       | 4 |  4.0
Polearms       | 2 3 4 5 |  5.3

Action                   |  1- 3 |  4- 6 |  7- 9 || total
-------------------------+-------+-------+-------++-------
Melee: War axe           |    83 |    34 |       ||   117
       Headbutt          |     9 |    27 |    17 ||    53
       Spear             |       |   185 |   108 ||   293
Evoke: Wand              |       |       |     1 ||     1
  Use: Scroll            |       |    10 |     2 ||    12
       Potion            |       |     1 |     2 ||     3
Armor: Scale mail        |    44 |    77 |    19 ||   140
Dodge: Dodged            |    21 |    73 |    29 ||   123
Block: Kite shield       |    52 |   131 |    35 ||   218
